 Dungeon Crawl Stone Soup version 0.26-a0-490-gf8362a0c98 (webtiles) character file.

Game seed: 12777902503295379454

2 ANON1729 the Sneak (level 1, 0/19 HPs)
             Began as a Palentonga Delver on Aug 4, 2020.
             Slain by a shadow imp (1 damage)
             ... on level 6 of the Dungeon.
             The game lasted 00:00:37 (139 turns).

ANON1729 the Sneak (Palentonga Delver)               Turns: 139, Time: 00:00:38

Health: 0/19       AC:  4    Str: 15    XL:     1   Next: 25%
Magic:  1/1        EV:  9    Int: 10    God:
Gold:   9          SH:  0    Dex: 11    Spells: 0/0 levels left

rFire    . . .     SeeInvis +   a - +0 falchion
rCold    . . .     Faith    .   (no shield)
rNeg     . . .     Spirit   .   b - +0 leather armour
rPois    .         Reflect  .   (no helmet)
rElec    .         Harm     .   (no cloak)
rCorr    .                      (no gloves)
MR       .....                  (boots restricted)
Stlth    ++........             (no amulet)
HPRegen  0.06/turn              (no ring)
MPRegen  0.07/turn              (no ring)

@: no status effects
A: large, rugged brown scales 3, see invisible, deformed body, roll, armoured
tail
a: Rolling Charge


You were on level 6 of the Dungeon.
You visited 1 branch of the dungeon, and saw 2 of its levels.

You collected 9 gold pieces.

Inventory:

Hand Weapons
 a - a +0 falchion (weapon)
Armour
 b - a +0 leather armour (worn)
Wands
 g - a wand of digging (3)
 i - a wand of disintegration (9)
Scrolls
 c - a scroll of fog
 d - a scroll of magic mapping
 e - a scroll of fear
 j - a scroll of identify {unknown}
Potions
 f - a potion of haste
 h - a potion of curing {unknown}


   Skills:
 + Level 3.0 Fighting
 + Level 2.0 Long Blades
 + Level 1.6 Dodging
 + Level 3.3 Stealth


You couldn't memorise any spells.
You didn't know any spells.
Your spell library was empty.

Dungeon Overview and Level Annotations

Branches:
Dungeon (6/15)
 Temple: D:4-7

Altars:

Annotations:
D:6 exclusion: bullfrog


Innate Abilities, Weirdness & Mutations

You are completely covered in rugged brown scales. (AC +3, +7% HP)
You have supernaturally acute eyesight. (SInv)
Armour fits poorly on your strangely shaped body.
You can roll at foes to attack.
You have a long armoured tail.


Message History

Roll where?
Press: ? - help, Dir - move target cursor, f - shadow imp, p - sky beast
Aim: a shadow imp (sparse dust)
You roll forward with a clatter of scales!
You closely miss the shadow imp.
You tail-slap the shadow imp, but do no damage.
The shadow imp hits you but does no damage.
You hit the shadow imp.
The shadow imp is moderately wounded.
The sky beast hits you. The sky beast shocks you.
* * * LOW HITPOINT WARNING * * *
The shadow imp gestures at you. Pain shoots through your body!
* * * LOW HITPOINT WARNING * * *
You hit the shadow imp but do no damage.
You tail-slap the shadow imp.
The shadow imp is severely wounded.
The sky beast hits you but does no damage.
The shadow imp hits you.
You die...

#.# #.# #.#
#.# ## #Y#
.. #.# .#
#.# .#
#.#######.#
#.....Y@5.#
###########


You could see a sky beast and a shadow imp.

Vanquished Creatures
  An orc (D:6)
1 creature vanquished.

Notes
Turn   | Place    | Note
-------+----------+-------------------------------------------
     0 | D:5      | ANON1729 the Palentonga Delver began the quest for the Orb.
     0 | D:5      | Reached XP level 1. HP: 19/19 MP: 1/1
     2 | D:5      | Noticed a worker ant
     2 | D:5      | Noticed a hippogriff
    44 | D:6      | Noticed a bullfrog
    99 | D:6      | Noticed a sky beast
   139 | D:6      | Slain by a shadow imp

Illustrated notes

Levels and vault maps discovered:
D:5:      layout_rooms, elyvilon_altar_3, zin_scriptorium,
          kennysheep_little_box, kennysheep_small_spiral
D:6:      layout_loops_ring, uniq_pikel

Action                   || total
-------------------------++-------
Melee: Falchion          ||     8
       Tailslap          ||     2
 Abil: Rolling Charge    ||     2
Armor: Leather armour    ||     3
Dodge: Dodged            ||     2

Table legend: (Time is in decaauts)
 A = Elapsed time spent in this place.
 B = Non-inter-level travel time spent in this place.
 C = Inter-level travel time spent in this place.
 D = Time resting spent in this place.
 E = Time spent auto-exploring this place.
 F = Levels seen in this place.
 G = Mean time per level.
                   A        B        C        D        E       F      G
               +--------+--------+--------+--------+--------+-----+--------+
         Total |    140 |    140 |      0 |      0 |     72 |   2 |   70.0 |
       Dungeon |    140 |    140 |      0 |      0 |     72 |   2 |   70.0 |
               +--------+--------+--------+--------+--------+-----+--------+

Top non-repeatable levels by time:
     D:6: 133 daAuts
     D:5: 7 daAuts
